 Seeded DCSS version 0.30-a0-187-gd9c2deaf24 (webtiles) character file.

Game seed: 9256909020028690172 (custom seed)

16 Iusername the Covered (level 2, 27/27 HPs)
             Began as a Minotaur Fighter on Oct 3, 2022.
             Quit the game on level 1 of the Dungeon.
             The game lasted 00:00:58 (822 turns).

Iusername the Covered (Minotaur Fighter)             Turns: 822, Time: 00:00:58

Health: 27/27      AC:  7    Str: 20    XL:     2   Next: 37%
Magic:  1/1        EV:  9    Int:  5    God:
Gold:   38         SH:  4    Dex:  9    Spells: 1/1 levels left

rFire   . . .      SeeInvis .    a - +0 war axe
rCold   . . .      Faith    .    c - +0 buckler
rNeg    . . .      Spirit   .    b - +0 scale mail
rPois   .          Reflect  .    (helmet restricted)
rElec   .          Harm     .    (no cloak)
rCorr   .          Rampage  .    (no gloves)
Will    .....                    (no boots)
Stlth   ..........               (no amulet)
HPRegen 0.24/turn                (no ring)
MPRegen 0.07/turn                (no ring)

@: very slow
A: horns 2, retaliatory headbutt
a: no special abilities


You were on level 1 of the Dungeon.
You visited 1 branch of the dungeon, and saw 1 of its levels.

You collected 38 gold pieces.

Inventory:

Hand Weapons
 a - a +0 war axe (weapon)
Armour
 b - a +0 scale mail (worn)
 c - a +0 buckler (worn)
Scrolls
 e - a scroll of teleportation {unknown}
 f - 2 scrolls of noise {unknown}
 g - a scroll of acquirement
Potions
 d - a potion of might
 h - a potion of flight {unknown}


   Skills:
 + Level 4.0 Fighting
 + Level 2.7 Axes
 + Level 4.0 Armour
 + Level 3.8 Shields


You had one spell level left.
You didn't know any spells.
Your spell library contained the following spells:

 Spells                   Type           Power      Damage    Failure   Level
 Apportation              Tloc           0%         N/A       89%         1
 Magic Dart               Conj           0%         1d3       89%         1
 Call Imp                 Summ           0%         N/A       96%         2
 Mephitic Cloud           Conj/Pois/Air  0%         N/A       99%         3
 Alistair's Intoxication  Tmut/Pois      0%         N/A       100%        5


Dungeon Overview and Level Annotations

Branches:
Dungeon (1/15)

Altars:


Innate Abilities, Weirdness & Mutations

You have a pair of horns on your head.
You reflexively headbutt those who attack you in melee.


Message History

Found a stone staircase leading down.
No target in view!
Unknown command.
No target in view!
Found a stone staircase leading down.
Unknown command.
No target in view!
h - a fuming orange potion No target in view!
Unknown command.
Things that are here:
a +0 dagger; 3 stones; a kobold corpse Key pressed, stopping explore.
No target in view!
Unknown command.
You open the door.
There is an open door here.
There is an open door here.
Key pressed, stopping explore.
No target in view!
Unknown command.
There is an open door here.
There is an open door here.
There is an open door here.
You enter the shallow water.
Moving in this stuff is going to be slow.
Key pressed, stopping explore.
No target in view!
Unknown command.
No target in view!
Partly explored, can't reach some places.
Unknown command.
No target in view!
Partly explored, can't reach some places.
No target in view!
Unknown command.
Partly explored, can't reach some places.
This is a scroll of acquirement!
Unknown command.
Are you sure you want to abandon this character and quit the game? (Confirm with "yes".)

################ #..............#
#####.#####.)......#
#.......###..#####.#
#.###.......>...##.#
#>###.############## #### #.##..#
###@~# ##..### #.##..#
###≈≈≈.#### ##.#...# #.##.##
#≈≈≈≈≈...P#####..###..
#.....####≈≈##≈#####..##...###.##
####.#..#### ## ##.P#....#####
#.#.....### ##.#####.# #
#.........## ##..###..### ##
#.#........## #..###.....###.
#.#.........# #.#'#.......#..


There were no monsters in sight!

Vanquished Creatures
  3 endoplasms (D:1)
  2 giant cockroaches (D:1)
  2 goblins (D:1)
  A hobgoblin (D:1)
  A ball python (D:1)
  A bat (D:1)
  2 kobolds (D:1)
  2 rats (D:1)
14 creatures vanquished.

Notes
Turn   | Place    | Note
-------+----------+-------------------------------------------
     0 | D:1      | Iusername the Minotaur Fighter began the quest for the Orb.
     0 | D:1      | Reached XP level 1. HP: 19/19 MP: 0/0
   343 | D:1      | Reached XP level 2. HP: 27/27 MP: 1/1
   822 | D:1      | Identified a scroll of acquirement
   822 | D:1      | Quit the game

Illustrated notes

Levels and vault maps discovered:
D:1:      dpeg_cavernosity, layout_loops_cross

Skill      XL: |  1  2 |
---------------+-------+-----
Armour         | 4 |  4.0
Fighting       | 4 |  4.0
Axes           | |  2.7
Shields        | |  3.8

Action                   || total
-------------------------++-------
Melee: War axe           ||    37
       Headbutt          ||     3
Armor: Scale mail        ||    17
Dodge: Dodged            ||    13
Block: Buckler           ||     7

Table legend: (Time is in decaauts)
 A = Elapsed time spent in this place.
 B = Non-inter-level travel time spent in this place.
 C = Inter-level travel time spent in this place.
 D = Time resting spent in this place.
 E = Time spent auto-exploring this place.
 F = Levels seen in this place.
 G = Mean time per level.
                   A        B        C        D        E       F      G
               +--------+--------+--------+--------+--------+-----+--------+
         Total |    837 |    837 |      0 |      0 |    737 |   1 |  837.0 |
       Dungeon |    837 |    837 |      0 |      0 |    737 |   1 |  837.0 |
               +--------+--------+--------+--------+--------+-----+--------+

Top non-repeatable levels by time:
     D:1: 837 daAuts
